 Dungeon Crawl Stone Soup version 0.30-a0-639-g3916f1956a (webtiles) character file.

Game seed: 9590828324315714623

395 wormed the Sneak (level 7, -3/42 HPs)
             Began as a Kobold Brigand on Jan 16, 2023.
             Was a Priest of Jiyva.
             Slain by Pikel
             ... wielding a +0 whip of freezing
              (4 damage)
             ... on level 5 of the Dungeon.
             The game lasted 00:03:19 (2957 turns).

wormed the Sneak (Kobold Brigand)                   Turns: 2957, Time: 00:03:19

Health: -3/42      AC:  5    Str: 15    XL:     7   Next: 9%
Magic:  6/7        EV: 15    Int: 12    God:    Jiyva [***...]
Gold:   87         SH:  0    Dex: 18    Spells: 6/6 levels left

rFire   . . .      SeeInvis .    a - +2 dagger
rCold   . . .      Faith    .    (no shield)
rNeg    . . .      Spirit   .    n - +0 leather armour
rPois   .          Reflect  .    (no helmet)
rElec   .          Harm     .    c - +1 cloak
rCorr   +          Rampage  .    (no gloves)
Will    .....                    (no boots)
Stlth   +++++                    (no amulet)
HPRegen 1.39/turn                m - +6 ring of strength
MPRegen 0.45/turn                (no ring)

@: calling ooze
A: small, no large weapons, nightstalker 3, sense surroundings 3, translucent
skin 1
a: Renounce Religion, Oozemancy


You were on level 5 of the Dungeon.
You worshipped Jiyva.
Jiyva was most pleased with you.
You visited 1 branch of the dungeon, and saw 5 of its levels.

You collected 87 gold pieces.

Inventory:

Hand Weapons
 a - a +2 dagger (weapon)
Missiles
 d - 9 poisoned darts
 e - a curare-tipped dart (quivered)
Armour
 c - a +1 cloak (worn)
 n - a +0 leather armour (worn)
Jewellery
 m - a +6 ring of strength (left hand)
Potions
 h - a potion of resistance {unknown}
 i - a potion of lignification {unknown}
 j - a potion of ambrosia {unknown}
 l - a potion of mutation {unknown}


   Skills:
 + Level 3.8 Fighting
 * Level 6.1 Short Blades
 - Level 2.1 Throwing
 + Level 3.7 Dodging
 + Level 6.8 Stealth
 - Level 1.0 Invocations


You had 6 spell levels left.
You didn't know any spells.
Your spell library contained the following spells:

 Spells                   Type           Power      Damage    Failure   Level
 Cigotuvi's Dreadful Rot  Necr/Pois/Air  0%         N/A       52%         2
 Poisonous Vapours        Pois/Air       0%         N/A       52%         2
 Mephitic Cloud           Conj/Pois/Air  0%         N/A       77%         3


Dungeon Overview and Level Annotations

Branches:
Dungeon (5/15)
 Temple: D:4-7

Altars:
Jiyva

Annotations:
D:5 Pikel


Innate Abilities, Weirdness & Mutations

You are small and have problems with some larger weapons.
You are completely attuned to the shadows.
You passively map a large area around you.
Your translucent skin slightly reduces your foes' accuracy. (Stealth+)


Message History

Pikel freezes you.
The jackal bites you but does no damage.
The lemure closely misses you.
You hit Pikel but do no damage.
Pikel is moderately wounded.
The jackal misses you. The lemure closely misses you. The lemure misses you.
The wall burns Pikel!
Pikel hits you with a +0 whip of freezing!
Pikel freezes you.
* * * LOW HITPOINT WARNING * * *
The lemure closely misses you.
You hit Pikel.
Pikel is heavily wounded.
The jackal closely misses you.
Okay, then.
Throw: 3 darts (curare)
Press: ? - help, Q - select action, (/) - cycle Shift-Dir - straight line, f/p - Pikel
Aim: Pikel, wielding a +0 whip of freezing and wearing a +0 robe (heavily wounded, 56% to hit)
You throw a curare-tipped dart. The curare-tipped dart hits Pikel.
Pikel is poisoned.
Pikel convulses.
Pikel seems to slow down.
Pikel is severely wounded.
The lemure misses you. The lemure hits you.
* * * LOW HITPOINT WARNING * * *
The jackal bites you but does no damage.
The lemure misses you.
The wall burns Pikel!
Pikel drinks a potion.
Pikel is healed!
Pikel looks more healthy.
Throw: 2 darts (curare)
Press: ? - help, Q - select action, (/) - cycle Shift-Dir - straight line, f/p - Pikel
Aim: Pikel, wielding a +0 whip of freezing and wearing a +0 robe (heavily wounded, slow, 56% to hit)
You throw a curare-tipped dart. The curare-tipped dart hits Pikel.
Pikel is poisoned.
Pikel convulses.
Pikel seems to be slow for longer.
Pikel is severely wounded.
The jackal barely misses you. The lemure barely misses you.
The lemure closely misses you. The lemure misses you.
The wall burns Pikel!
Pikel hits you with a +0 whip of freezing!
* * * LOW HITPOINT WARNING * * *
Pikel freezes you.
You die...

, , , ## , ,, ,
,,* ##.# , ,,,
,, ...# #..## ,,
, ,, ,,
.....###...# , ,
*#....#....##*
*,
.####..........*
,, ,
...#.......#.###
,,, ,, , *
...K†.....#### ,
* ,..5h@.....# *
,, , ...555....#
, ,......†..##
,, , ,
.......#.#* , ,,
,, .....###.. *
* ,,, , ,,..,*
... ,, , , , *
,, , * , * , ,,
, , , , , ,


You could see Pikel (very poisoned, slow), 4 lemures and a jackal.

Vanquished Creatures
  A centaur (D:4)
  3 hounds
  An orc priest (D:3)
  An iguana (D:5)
  5 gnolls
  5 adders
  4 worms
  2 dart slugs (D:4)
  2 orcs (D:3)
  5 ball pythons (D:1)
  4 bats (D:1)
  3 endoplasms (D:1)
  3 giant cockroaches
  3 goblins
  4 hobgoblins
  7 jackals
  3 kobolds
  4 quokkas
  4 frilled lizards (D:1)
  5 rats
69 creatures vanquished.

Vanquished Creatures (others)
  2 jellies (D:3)
  A hound (D:4)
  2 orc wizards (D:3)
  9 orcs (D:3)
  A bat (D:3)
  A giant cockroach (D:3)
  6 ball pythons
  3 frilled lizards (D:3)
  3 kobolds
  A rat (D:2)
29 creatures vanquished.

Grand Total: 98 creatures vanquished

Notes
Turn   | Place    | Note
-------+----------+-------------------------------------------
     0 | D:1      | wormed the Kobold Brigand began the quest for the Orb.
     0 | D:1      | Reached XP level 1. HP: 12/12 MP: 1/1
    67 | D:1      | Reached XP level 2. HP: 18/18 MP: 2/2
   145 | D:1      | Found a faded altar of an unknown god.
   159 | D:1      | Reached XP level 3. HP: 2/22 MP: 3/3
   163 | D:1      | Prayed at the altar of an unknown god.
   163 | D:1      | Became a worshipper of Jiyva Jaelirop the Shapeless
   163 | D:1      | Reached * piety under Jiyva
   375 | D:1      | Reached skill level 1 in Invocations
   825 | D:2      | Reached ** piety under Jiyva
   890 | D:2      | Reached XP level 4. HP: 27/27 MP: 4/4
  1371 | D:3      | Reached XP level 5. HP: 27/32 MP: 5/5
  1643 | D:3      | Reached *** piety under Jiyva
  1863 | D:3      | Found a glowing drain.
  2321 | D:4      | Gained mutation: You passively map a small area around you.
                  | [Jiyva's grace]
  2321 | D:4      | Gained mutation: You passively map the area around you.
                  | [Jiyva's grace]
  2321 | D:4      | Gained mutation: You passively map a large area around you.
                  | [Jiyva's grace]
  2321 | D:4      | Gained mutation: Your translucent skin slightly reduces
                  | your foes' accuracy. (Stealth+) [Jiyva's grace]
  2336 | D:4      | Reached skill level 5 in Short Blades
  2346 | D:4      | Reached XP level 6. HP: 37/37 MP: 6/6
  2698 | D:4      | Reached XP level 7. HP: 42/42 MP: 7/7
  2932 | D:5      | Entered Level 5 of the Dungeon
  2941 | D:5      | Noticed Pikel
  2957 | D:5      | HP: 1/42 [Pikel/+0 whip of freezing (9)]
  2957 | D:5      | Slain by Pikel

Illustrated notes

Levels and vault maps discovered:
D:1:      dpeg_arrival_fog, layout_basic, ebering_ecumenical_altar_hall
D:2:      layout_rooms
D:3:      layout_basic, cheibrodos_sewer_entry_bend, st_stairs_7
D:4:      layout_cave_pools
D:5:      layout_cave_pools, lightli_minifort, uniq_pikel

Skill      XL: |  1  2  3  4  5  6 |
---------------+-------------------+-----
Short Blades   | 3 4 5 6 |  6.1
Invocations    | 1 |  1.0
Dodging        | 2 3 |  3.7
Stealth        | 6 |  6.8
Fighting       | 3 |  3.8
Throwing       | |  2.1

Action                   |  1- 3 |  4- 6 |  7- 9 || total
-------------------------+-------+-------+-------++-------
Melee: Dagger            |    78 |    97 |    19 ||   194
       Punch             |     1 |     1 |       ||     2
Throw: Dart              |     1 |       |     2 ||     3
Invok: Oozemancy         |       |       |     1 ||     1
  Use: Scroll            |       |     2 |     2 ||     4
 Stab: Sleeping          |    12 |    24 |     2 ||    38
Armor: Robe              |    14 |     5 |       ||    19
       Leather armour    |       |     7 |     6 ||    13
Dodge: Dodged            |    56 |    37 |    29 ||   122

Table legend: (Time is in decaauts)
 A = Elapsed time spent in this place.
 B = Non-inter-level travel time spent in this place.
 C = Inter-level travel time spent in this place.
 D = Time resting spent in this place.
 E = Time spent auto-exploring this place.
 F = Levels seen in this place.
 G = Mean time per level.
                   A        B        C        D        E       F      G
               +--------+--------+--------+--------+--------+-----+--------+
         Total |   2919 |   2784 |    135 |      0 |   2365 |   5 |  583.8 |
       Dungeon |   2919 |   2784 |    135 |      0 |   2365 |   5 |  583.8 |
               +--------+--------+--------+--------+--------+-----+--------+

Top non-repeatable levels by time:
     D:3: 1106 daAuts
     D:1: 814 daAuts
     D:4: 597 daAuts
     D:2: 381 daAuts
     D:5: 20 daAuts
